 Dungeon Crawl Stone Soup version 0.23-a0-378-gd7a6ca6 (console) character file.

78 bli the Poker (level 4, 0/37 HPs)
             Began as a Merfolk Monk on Oct 27, 2018.
             Was a Believer of Dithmenos.
             Splashed by a jelly's acid (4 damage)
             ... on level 1 of the Dungeon.
             The game lasted 00:05:31 (1463 turns).

bli the Poker (Merfolk Monk)                        Turns: 1463, Time: 00:05:31

Health: 0/37       AC: -6    Str: 11    XL:     4   Next: 36%
Magic:  4/4        EV: 15    Int:  9    God:    Dithmenos [**....]
Gold:   155        SH:  0    Dex: 20    Spells: 3/3 levels left

rFire    x . .     SeeInvis .   a - +0 spear
rCold    + . .     Gourm    .   (no shield)
rNeg     . . .     Faith    .   b - +0 robe
rPois    .         Spirit   .   (no helmet)
rElec    .         Reflect  .   (no cloak)
rCorr    .         Harm     .   (no gloves)
MR       .....                  (no boots)
Stlth    +++.......             m - amulet of rage
HPRegen  0.12/turn              h - ring of ice
MPRegen  0.09/turn              l - +3 ring of dexterity

@: corroded, wreathed by umbra
A: change form in water, swift swim, stealthy swim
a: Shadow Step, Renounce Religion, Evoke Berserk Rage


You were on level 1 of the Dungeon.
You worshipped Dithmenos.
Dithmenos was pleased with you.
You were not hungry.

You visited 1 branch of the dungeon, and saw 2 of its levels.

You collected 155 gold pieces.

Inventory:

Hand Weapons
 a - a +0 spear (weapon)
 t - a cursed -1 dagger
Missiles
 k - 79 stones (quivered)
Armour
 b - a +0 robe (worn)
Jewellery
 h - a ring of ice (left hand)
 l - a +3 ring of dexterity (right hand)
 m - an amulet of rage (around neck)
Wands
 u - a wand of flame (16)
Scrolls
 d - 2 scrolls of magic mapping {unknown}
 f - 5 scrolls of identify {unknown}
 j - a scroll of amnesia {unknown}
 n - a scroll of blinking {unknown}
 p - 2 scrolls of teleportation {unknown}
 r - a scroll of fear {unknown}
 s - a scroll of remove curse {unknown}
Potions
 e - 3 potions of curing {unknown}
 g - a potion of invisibility {unknown}
 i - a potion of magic {unknown}
 o - 2 potions of agility {unknown}
 q - 2 potions of heal wounds {unknown}
Comestibles
 c - 2 rations


   Skills:
 + Level 3.9 Fighting
 * Level 6.8 Polearms
 - Level 4.0 Dodging
 - Level 2.1 Stealth


You had 3 spell levels left.
You didn't know any spells.
Your spell library was empty.

Dungeon Overview and Level Annotations

Branches:
Dungeon (2/15)

Altars:
Dithmenos
Gozag
Nemelex Xobeh

Annotations:
D:2 1 runed door


Message History

The ooze is in the way.
You hit the ooze.
You kill the ooze!
Dithmenos accepts your kill.
You hit the jelly.
Your hands burn!
The jelly is moderately wounded.
The jelly barely misses you.
There is an open door here.
You see here a +0 short sword.
The jelly jiggles.
There is an open gate here.
There is a stone staircase leading up here.
The jelly completely misses you.
You climb upwards.
There is a stone staircase leading down here.
You hit the jelly. The acid corrodes you!
Your hands burn!
The jelly is severely wounded.
The jelly hits you. The acid corrodes you!
You are splashed with acid!
The acid
* * * LOW HITPOINT WARNING * * *
You hit the jelly.
Your hands burn!
You die...

#############.##
#..............#
#############..#########
#..........####
#..###......... #..#
#......... #..#
#......... ####..#
#......... #.....#
#.........
#.....###.........
###@................
#..J....#######.####
#.......#####...#
#.......#.....#.# ##
#.............#.# #.
#.....#.#.....#.###.
#...................
#...###.#######.###.
##### #.....# #.# #.
#.....###.# #.
#.........# #.


You could see a jelly.

Vanquished Creatures
  Jessica (D:2)
  3 oozes (D:2)
  A dart slug (D:2)
  2 leopard geckos (D:1)
  2 bats
  2 giant cockroaches (D:1)
  2 goblins
  7 hobgoblins
  10 kobolds
  2 ball pythons (D:1)
  2 frilled lizards (D:1)
34 creatures vanquished.

Vanquished Creatures (others)
  2 fungi (D:2)
  7 toadstools (D:2)
9 creatures vanquished.

Grand Total: 43 creatures vanquished

Notes
Turn   | Place    | Note
-------+----------+-------------------------------------------
     0 | D:1      | bli the Merfolk Monk began the quest for the Orb.
     0 | D:1      | Reached XP level 1. HP: 18/18 MP: 1/1
   120 | D:1      | Found a sparkling altar of Nemelex Xobeh.
   154 | D:1      | Reached skill level 5 in Polearms
   154 | D:1      | Reached XP level 2. HP: 17/24 MP: 2/2
   749 | D:1      | Reached XP level 3. HP: 30/30 MP: 3/3
  1101 | D:2      | Found a runed door.
  1175 | D:2      | Found a shadowy altar of Dithmenos.
  1183 | D:2      | Became a worshipper of Dithmenos the Shadowed
  1183 | D:2      | Reached * piety under Dithmenos
  1183 | D:2      | Reached ** piety under Dithmenos
  1298 | D:2      | Found an opulent altar of Gozag.
  1342 | D:2      | Noticed Jessica
  1346 | D:2      | Killed Jessica
  1346 | D:2      | Reached skill level 6 in Polearms
  1346 | D:2      | Reached XP level 4. HP: 37/37 MP: 4/4
  1463 | D:1      | Splashed by a jelly's acid

Vault maps used:
D:1:      wheals_arrival_shading, nemelex_xobeh_ov_fountains_minmay
D:2:      cheibrodos_fertilizer, old_standard_altar, grunt_gozag_statues,
          uniq_jessica, uniq_crazy_yiuf_cottage

Skill      XL: |  1  2  3 |
---------------+----------+-----
Polearms       | 5 6 |  6.8
Fighting       | |  3.9
Dodging        | |  4.0
Stealth        | |  2.1

Action                   |  1- 3 |  4- 6 || total
-------------------------+-------+-------++-------
Melee: Spear             |    87 |    35 ||   122
 Stab: Sleeping          |     3 |     4 ||     7
       Distracted        |     1 |       ||     1
  Eat: Chunk             |     1 |     1 ||     2
Armor: Robe              |    11 |     1 ||    12
Dodge: Dodged            |    40 |    13 ||    53

Table legend:
 A = Non-vault XP
 B = Vault XP
 C = Vault XP percentage of total XP
 D = Non-vault monster count
 E = Vault monster count
 F = Vault count percentage of total count
                 A         B        C        D         E       F
            +---------+---------+-------+---------+---------+-------
      Total |      49 |      63 |  56.2 |      25 |       9 |  26.5
            +---------+---------+-------+---------+---------+-------
        D:1 |      35 |       0 |   0.0 |      18 |       0 |   0.0
        D:2 |      14 |      63 |  81.8 |       7 |       9 |  56.2
            +---------+---------+-------+---------+---------+-------
